 Dungeon Crawl Stone Soup version 0.18.1-50-g88ac8fd (webtiles) character file.

906 Nordron the Ducker (level 7, -7/62 HPs)
             Began as a Deep Dwarf Artificer on Sept 22, 2016.
             Killed from afar by GordonOverkill's ghost (22 damage)
             ... with a bolt of negative energy
             ... on level 5 of the Dungeon.
             The game lasted 00:37:00 (3558 turns).

Nordron the Ducker (Deep Dwarf Artificer)           Turns: 3558, Time: 00:37:03

Health: -7/62      AC: 11    Str: 17    XL:     7   Next: 81%
Magic:  11/11      EV:  6    Int: 12    God:
Gold:   261        SH:  8    Dex: 16    Spells: 0 memorised, 6 levels left

rFire  . . .     SeeInvis .     P - +2 war axe (freeze)
rCold  . . .     Gourm    .     o - +0 chain mail
rNeg   . . .     Faith    .     C - +0 shield
rPois  .         Spirit   .     (no helmet)
rElec  .         Dismiss  .     Q - +0 cloak
rCorr  .         Reflect  .     (no gloves)
SustAt .         Harm     .     (no boots)
MR     +....                    x - amulet of rage
Stlth  ..........               k - +1 ring of protection
                                B - +3 ring of dexterity

@: very slightly contaminated, non-regenerating, heavily drained, somewhat
resistant to hostile enchantments, extremely unstealthy
A: damage resistance, recharge devices, sense surroundings 1, slow regeneration
3
a: Device Recharging, Evoke Berserk Rage


You were on level 5 of the Dungeon.
You were not hungry.

You visited 1 branch of the dungeon, and saw 5 of its levels.

You collected 261 gold pieces.

Inventory:

Hand Weapons
 F - a +0 long sword
 I - a +0 rapier
 P - a +2 war axe of freezing (weapon)
Armour
 o - a +0 chain mail (worn)
 u - a +0 ring mail
 C - a +0 shield (worn)
 Q - a +0 cloak (worn)
Jewellery
 i - an uncursed ring of wizardry
 k - a +1 ring of protection (right hand)
 x - an amulet of rage (around neck)
 A - a +2 ring of slaying
 B - a +3 ring of dexterity (left hand)
Wands
 c - a wand of flame (0/48)
 d - a wand of enslavement (15/24)
 e - a wand of random effects (13/48)
 f - a wand of heal wounds (0/9)
Scrolls
 h - a scroll of immolation
 j - a scroll of noise
 p - 3 scrolls of identify
 s - 3 scrolls of remove curse {unknown}
 y - a scroll of teleportation {unknown}
 E - 2 scrolls of random uselessness {unknown}
 L - a scroll of enchant armour {unknown}
 M - a scroll of fog {unknown}
Potions
 a - a potion of flight {unknown}
 l - 2 potions of agility
 n - a potion of invisibility
 r - 3 potions of curing {unknown}
 z - a potion of magic {unknown}
 D - 2 potions of heal wounds
 G - a potion of brilliance {unknown}
 H - 2 potions of cancellation {unknown}
 K - a potion of resistance {unknown}
 N - a potion of cure mutation {unknown}
 O - 2 potions of degeneration {unknown}
Comestibles
 b - 3 chunks of flesh
 g - 4 bread rations
 q - a slice of pizza
 t - 2 beef jerkies
 w - 2 meat rations


   Skills:
 + Level 3.0(1.4) Fighting
 - Level 1.1(0.0) Short Blades
 + Level 2.8(1.2) Axes
 + Level 4.3(2.6) Armour
 + Level 5.6(3.9) Dodging
 + Level 2.9(1.3) Stealth
 + Level 2.4(0.8) Shields
 + Level 5.3(3.6) Evocations


You had 6 spell levels left.
You didn't know any spells.

Dungeon Overview and Level Annotations

Branches:
Dungeon (5/15)
 Temple: D:4-7

Altars:
Ashenzari
Cheibriados
Dithmenos
Gozag
Trog
Xom

Annotations:
D:5 GordonOverkill's ghost, novice DrFi


Innate Abilities, Weirdness & Mutations

You are resistant to damage.
You can recharge devices by infusing magical energy.
You passively map a small area around you.
You do not regenerate naturally.


Message History

The giant frog zombie hits you but does no damage.
GordonOverkill's ghost keens inconsolably.
GordonOverkill's ghost hits you. GordonOverkill's ghost freezes you.
The giant frog zombie barely misses you.
Your chain mail prevents you from hitting the giant frog zombie.
Your shield and chain mail prevent you from hitting GordonOverkill's ghost.
You block the giant frog zombie's attack.
GordonOverkill's ghost hits you!
* * * LOW HITPOINT WARNING * * *
GordonOverkill's ghost freezes you.
* * * LOW HITPOINT WARNING * * *
The giant frog zombie hits you but does no damage.
GordonOverkill's ghost barely misses you.
You hit the giant frog zombie. You slash GordonOverkill's ghost!
You freeze GordonOverkill's ghost.
GordonOverkill's ghost is lightly damaged.
You block the giant frog zombie's attack.
GordonOverkill's ghost breathes negative energy at you.
The bolt of negative energy hits you!
You feel drained.
You die...

####...#######.#.
..........# * , #)..# .
#.....##.##### , #)..#
*.## ####..##.# *,*
#.).# ... #....###.# ,
###...## #.#,#.#.####.#
** #......#
#.#.#.#......# #.##.#.#
#.#........W.# #.##.#.#
#Z#####.####.#####
######.##.#.## #@#####.#
#..W.W. .............#
#.W.....# #######
...)###...##.###########
..............######
....###...##.......####
....###...##.##.......#
#.........##.##.##.##.#
#.#.###......##.##.##.#
....# #.....###.##.>#.#


You could see GordonOverkill's ghost and a giant frog zombie.

Vanquished Creatures
  The ghost of Tagedieb the Vexing, an amateur OpEn of Dithmenos (D:3)
  An ice beast (D:5)
  2 ogres
  An orc priest (D:5)
  A hound (D:5)
  2 centaur skeletons (D:4)
  Jessica (D:3)
  4 orc wizards
  3 worker ants
  4 adders
  A shadow imp (D:3)
  2 worms (D:2)
  A dart slug (D:4)
  4 giant geckos
  16 orcs
  A ball python (D:1)
  7 bats
  A giant cockroach (D:1)
  10 goblins
  5 hobgoblins
  9 jackals
  5 kobolds
  A quokka (D:2)
  3 giant newts
  A quokka skeleton (D:5)
  8 rats
95 creatures vanquished.

Notes
Turn   | Place    | Note
--------------------------------------------------------------
     0 | D:1      | Nordron the Deep Dwarf Artificer began the quest for the Orb.
     0 | D:1      | Reached XP level 1. HP: 16/16 MP: 3/3
   125 | D:1      | Reached skill level 1 in Fighting
   221 | D:1      | Reached XP level 2. HP: 25/25 MP: 5/5
   241 | D:1      | Reached skill level 1 in Short Blades
   877 | D:2      | Reached XP level 3. HP: 19/31 MP: 6/6
   968 | D:2      | Found a shadowy altar of Dithmenos.
  1366 | D:2      | Found a bloodstained altar of Trog.
  1412 | D:2      | Reached skill level 1 in Armour
  1549 | D:3      | Found a snail-covered altar of Cheibriados.
  1550 | D:3      | Noticed Tagedieb's ghost (amateur OpEn)
  1593 | D:3      | Killed Tagedieb's ghost
  1593 | D:3      | Reached skill level 5 in Evocations
  1593 | D:3      | Reached XP level 4. HP: 33/39 MP: 7/7
  1593 | D:3      | Reached XP level 5. HP: 38/45 MP: 8/8
  1711 | D:3      | Noticed Jessica
  1717 | D:3      | Killed Jessica
  1717 | D:3      | Reached XP level 6. HP: 44/52 MP: 9/9
  1801 | D:3      | Reached skill level 1 in Shields
  2141 | D:3      | Found a shimmering altar of Xom.
  2392 | D:3      | Found an opulent altar of Gozag.
  2393 | D:3      | Found a shattered altar of Ashenzari.
  2576 | D:4      | Reached skill level 1 in Axes
  2654 | D:4      | Reached skill level 5 in Dodging
  2721 | D:4      | Reached XP level 7. HP: 16/60 MP: 10/10
  3252 | D:5      | Entered Level 5 of the Dungeon
  3488 | D:5      | Noticed GordonOverkill's ghost (novice DrFi)
  3550 | D:5      | HP: 3/62 [GordonOverkill's ghost/bolt of negative energy (8)]
  3558 | D:5      | Killed from afar by GordonOverkill's ghost

Skill      XL: |  1  2  3  4  5  6  7 |
---------------+----------------------+-----
Fighting       | 1 2 3 |  3.0
Short Blades   | 1 |  1.1
Dodging        | 4 5 |  5.6
Armour         | 2 3 4 |  4.3
Stealth        | 2 |  2.9
Evocations     | 5 |  5.3
Shields        | 1 2 |  2.4
Axes           | 1 2 |  2.8

Action                   |  1- 3 |  4- 6 |  7- 9 || total
-------------------------+-------+-------+-------++-------
Melee: Short sword       |   100 |       |       ||   100
       Hand axe          |    36 |   112 |       ||   148
       Quarterstaff      |    16 |       |       ||    16
       Long sword        |     3 |       |       ||     3
       War axe           |       |    27 |    91 ||   118
Evoke: Wand              |    13 |     3 |     6 ||    22
  Use: Scroll            |     4 |       |       ||     4
       Potion            |       |       |     3 ||     3
 Stab: Sleeping          |       |     2 |       ||     2
  Eat: Chunk             |     2 |     4 |     3 ||     9
Armor: Leather armour    |    20 |       |       ||    20
       Ring mail         |    24 |    49 |     9 ||    82
       Chain mail        |       |       |    53 ||    53
Dodge: Dodged            |    90 |    71 |    22 ||   183
Block: Shield            |    17 |    51 |    33 ||   101
